 Dungeon Crawl Stone Soup version 0.13.1-28-g3517093 (console) character file.

4988 Magician the Cleaver (level 10, -10/133 HPs)
             Began as a Minotaur Berserker on Mar 8, 2014.
             Was a High Priest of Trog.
             Mangled by a ten-headed hydra (11 damage)
             ... on Level 11 of the Dungeon.
             The game lasted 00:19:15 (2728 turns).

Magician the Cleaver (Minotaur Berserker)           Turns: 2728, Time: 00:19:16

HP -10/133       AC 10     Str 29      XL: 10   Next: 21%
MP   3/3         EV  9     Int  4      God: Trog [*****.]
Gold 292         SH  0     Dex 11      Spells:  0 memorised,  9 levels left

Res.Fire  : . . .   See Invis. : .   C - +2 orc battleaxe
Res.Cold  : . . .   Warding    : .   m - +2 orc scale mail {rPois}
Life Prot.: . . .   Conserve   : .   (no shield)
Res.Poison: +       Res.Corr.  : .   i - +0 cap
Res.Elec. : .       Clarity    : .   (no cloak)
Sust.Abil.: . .     Spirit.Shd : .   b - +0 pair of gauntlets (curse)
Res.Mut.  : .       Stasis     : .   e - +0 pair of boots
Res.Rott. : .       Flight     : .   (no amulet)
Saprovore : . . .                    (no ring)
                                     (no ring)

@: berserking, very quick, somewhat resistant to hostile enchantments, extremely
unstealthy
A: retaliatory headbutt, horns 2
a: Burn Spellbooks, Berserk, Trog's Hand, Brothers in Arms, Renounce Religion


You were on level 11 of the Dungeon.
You worshipped Trog.
Trog was extremely pleased with you.
You were hungry.

You visited 2 branches of the dungeon, and saw 12 of its levels.

You collected 272 gold pieces.

Inventory:

Hand weapons
 a - a +0,+0 hand axe {=f}
 C - a +2,+2 orcish battleaxe (weapon)
Armour
 b - a cursed +0 pair of gauntlets (worn)
 e - a +0 pair of boots (worn)
 i - a +0 cap (worn)
 m - a +2 orcish scale mail of poison resistance (worn)
 o - a +0 large shield
 w - a +1 orcish plate armour
Magical devices
 h - a wand of paralysis (14) {unknown}
 k - a wand of flame (15) {unknown}
 v - a wand of fire (11) {unknown}
 B - a wand of paralysis (7) {unknown}
Comestibles
 c - 5 bread rations
 f - 2 meat rations
 H - 2 chunks of yak flesh
Scrolls
 d - 4 scrolls of remove curse
 j - a scroll of enchant weapon II {unknown}
 n - 2 scrolls of enchant weapon I {unknown}
 r - a scroll of magic mapping {unknown}
 y - a scroll of random uselessness {unknown}
 A - a scroll of enchant armour {unknown}
 D - a scroll of blinking {unknown}
 F - 2 scrolls of curse armour {unknown}
Potions
 l - a potion of cure mutation
 s - 3 potions of curing {unknown}
 u - a potion of heal wounds
 x - 2 potions of agility {unknown}
 z - a potion of brilliance


   Skills:
 + Level 10.8 Fighting
 * Level 14.4 Axes
 - Level 2.4 Armour
 - Level 2.1 Dodging


You had 9 spell levels left.
You didn't know any spells.

Dungeon Overview and Level Annotations

Branches:
Dungeon (11/27)            Temple (1/1) D:7            Lair (0/8) D:11
    Orc: D:6-11

Altars:
Ashenzari
Elyvilon
Fedhas
Kikubaaqudgha
Makhleb
Nemelex Xobeh
Okawaru
Sif Muna
Trog
Vehumet
Yredelemnul
Zin

Shops:
D:4 (=

Annotations:
D:4 Magician's ghost, average HOBe; Menkaure


Innate Abilities, Weirdness & Mutations

You reflexively headbutt those who attack you in melee.
You have a pair of horns on your head.


Message History

The nine-headed hydra bites you!
* * * LOW HITPOINT WARNING * * *
The nine-headed hydra completely misses you.
The nine-headed hydra bites you.
* * * LOW HITPOINT WARNING * * *
The nine-headed hydra bites you but does no damage.
You lop one of the nine-headed hydra's heads off!
The eight-headed hydra grows two more!
You slice the ten-headed hydra!!
The ten-headed hydra is severely wounded.
The ten-headed hydra bites you but does no damage.
The ten-headed hydra barely misses you.
The ten-headed hydra bites you but does no damage.
The ten-headed hydra bites you!
* * * LOW HITPOINT WARNING * * *
The ten-headed hydra bites you but does no damage.
The ten-headed hydra closely misses you.
The ten-headed hydra bites you but does no damage.
The ten-headed hydra closely misses you.
The ten-headed hydra bites you!
You die...

###............######
###..............#
##...P............#
#...f.ff....P...<.#
##P.P.....f.......[#
#..P.P...P.........# #
#..P.f####f........#
#.##....f#.>#..f...##.......
#........#.@#f....###....##
#..#.)...#D##.ffP.# #....#
#...)..f.P)..P.Pf.# #....#
#.....P.P)...P...## #....#
#............f.f.# #....#
...........P...P.## #....#
..........#......#######....###
.........####.................
........# ###...............


You could see a ten-headed hydra.

Vanquished Creatures
  5 slime creatures
  A shadow (D:11)
  A deep elf fighter (D:11)
  A manticore (D:11)
  A yak (D:11)
  4 necrophages (D:7)
  3 orc warriors
  2 ice beasts
  2 ogres
  A crocodile (D:11)
  2 centaurs
  2 giant frogs (D:11)
  A gnoll sergeant (D:11)
  The ghost of Magician the Chopper, a weakling HOBe of Trog (D:3)
  8 killer bees (D:11)
  8 wights
  2 crimson imps
  A goliath beetle (D:9)
  2 hounds
  3 iguanas
  3 gnoll shamans
  2 orc priests
  3 orc wizards
  4 worker ants
  Ijyb (D:4)
  2 hound skeletons
  3 mummies (D:7)
  14 gnolls
  2 adders
  6 green rats (D:11)
  A giant centipede (D:9)
  A worm (D:5)
  A goliath beetle zombie (D:9)
  An adder skeleton (D:7)
  A scorpion zombie (D:9)
  An adder zombie (D:6)
  A giant centipede zombie (D:9)
  3 giant geckos
  An ooze (D:5)
  18 orcs
  11 bats
  6 goblins
  8 hobgoblins
  7 jackals
  6 kobolds
  2 quokkas
  A ball python (D:1)
  A giant gecko skeleton (D:5)
  A giant mite zombie (D:7)
  A giant newt (D:6)
  An orc skeleton (D:4)
  10 rats
  A fungus (D:11)
  3 plants (D:11)
179 creatures vanquished.

Notes
Turn   | Place    | Note
--------------------------------------------------------------
     0 | D:1      | Magician, the Minotaur Berserker, began the quest for the Orb.
     0 | D:1      | Reached XP level 1. HP: 19/19 MP: 0/0
    39 | D:2      | Reached skill level 4 in Fighting
    39 | D:2      | Reached XP level 2. HP: 27/27 MP: 0/0
    44 | D:2      | Reached XP level 3. HP: 20/33 MP: 1/1
   110 | D:3      | Noticed Magician's ghost (weakling HOBe)
   116 | D:3      | Killed Magician's ghost
   116 | D:3      | Reached skill level 5 in Axes
   116 | D:3      | Reached XP level 4. HP: 3/40 MP: 1/1
   117 | D:3      | HP: 2/60 [goblin/elven dagger (1)]
   377 | D:2      | Acquired Trog's second power
   415 | D:3      | Reached skill level 5 in Fighting
   415 | D:3      | Reached skill level 6 in Axes
   415 | D:3      | Reached XP level 5. HP: 47/47 MP: 1/1
   486 | D:4      | Noticed an ogre
   495 | D:4      | Killed an ogre
   495 | D:4      | Reached skill level 7 in Axes
   495 | D:4      | Reached XP level 6. HP: 55/55 MP: 2/2
   572 | D:5      | Entered Level 5 of the Dungeon
   844 | D:4      | Reached skill level 8 in Axes
   845 | D:4      | Found Ufead's Jewellery Boutique.
   891 | D:4      | Found Iruuz's Antique Weapon Boutique.
   892 | D:4      | Noticed Ijyb
   899 | D:4      | Killed Ijyb
   932 | D:4      | Noticed Menkaure
  1039 | D:4      | Noticed Magician's ghost (average HOBe)
  1110 | D:7      | Found a staircase to the Ecumenical Temple.
  1116 | Temple   | Entered the Ecumenical Temple
  1169 | D:7      | Reached XP level 7. HP: 61/61 MP: 2/2
  1264 | D:7      | Noticed a necrophage
  1266 | D:7      | Found an iron altar of Okawaru.
  1272 | D:7      | Killed a necrophage
  1300 | D:7      | Noticed a necrophage
  1308 | D:7      | Killed a necrophage
  1308 | D:7      | Reached skill level 9 in Axes
  1420 | D:6      | Reached XP level 8. HP: 62/70 MP: 2/2
  1497 | D:7      | Reached skill level 10 in Axes
  1590 | D:7      | Noticed a necrophage
  1598 | D:7      | Killed a necrophage
  1655 | D:7      | Noticed a necrophage
  1666 | D:7      | Killed a necrophage
  1666 | D:7      | Reached skill level 11 in Axes
  1855 | D:9      | Reached XP level 9. HP: 78/78 MP: 3/3
  1859 | D:9      | Acquired Trog's third power
  1878 | D:9      | Noticed a slime creature
  1879 | D:9      | Noticed a slime creature
  1880 | D:9      | Noticed a slime creature
  1910 | D:8      | Killed a slime creature
  1910 | D:8      | Reached skill level 12 in Axes
  1912 | D:8      | Killed a slime creature
  1913 | D:8      | Killed a slime creature
  2229 | D:9      | Noticed a slime creature
  2229 | D:9      | Noticed a slime creature
  2245 | D:9      | Killed a slime creature
  2245 | D:9      | Reached skill level 13 in Axes
  2248 | D:9      | Killed a slime creature
  2299 | D:10     | Entered Level 10 of the Dungeon
  2376 | D:11     | Reached skill level 10 in Fighting
  2523 | D:11     | Reached XP level 10. HP: 37/89 MP: 3/3
  2578 | D:11     | Reached skill level 14 in Axes
  2712 | D:11     | Found a staircase to the Lair.
  2717 | D:11     | Noticed a six-headed hydra
  2728 | D:11     | HP: 1/133 [ten-headed hydra (8)]
  2728 | D:11     | Mangled by a ten-headed hydra

Action                   |  1- 3 |  4- 6 |  7- 9 | 10-12 || total
-------------------------+-------+-------+-------+-------++-------
Melee: Hand axe          |    24 |   119 |   149 |       ||   292
       Battleaxe         |       |       |    89 |    52 ||   141
Invok: Berserk           |     2 |     3 |     9 |     3 ||    17
       Trog's Hand       |       |       |     3 |     2 ||     5
  Use: Scroll            |       |       |     6 |     1 ||     7
